 Dungeon Sprint DCSS version 0.30-a0-159-g068b764562 (webtiles) character file.

Game seed: 15703982739707262214

6300000 howech the Axe Maniac (level 24, 0/208 HPs)
             Began as a Djinni Earth Elementalist on Sept 27, 2022.
             Was the Champion of Makhleb.
             Killed by an accursed's death curse (13 damage)
             ... in the Dungeon (Sprint VIII: "Arena of Blood").
             The game lasted 00:03:27 (63 turns).

howech the Axe Maniac (Djinni Earth Elementalist)     Turns: 63, Time: 00:03:28

Health: 0/208      AC:  4    Str:  7    XL:     24   Next: 55%
Gold:   0          EV: 35    Int: 21    God:    Makhleb [******] SH:  0 Dex: 22

rFire   + + .      SeeInvis +    g - +∞ Axe of Woe
rCold   x . .      Faith    .    (shield currently unavailable)
rNeg    . . .      Spirit   .    a - +0 robe
rPois   ∞          Reflect  .    (no helmet)
rElec   .          Harm     .    (no cloak)
rCorr   .          Rampage  .    (no gloves)
Will    ++...      NoTele   +    (boots unavailable)
Stlth   ++++++++++               (no amulet)
HPRegen 0.44/turn                d - ring of see invisible
MPRegen 0.00/turn                (no ring)

@: flying, hasted (expiring), very quick
A: sickness immunity, fire resistance 2, cold vulnerability 1, float, innate
caster, HP casting, extra vitality 1
a: Renounce Religion, Minor Destruction, Lesser Servant of Makhleb, Major
Destruction, Greater Servant of Makhleb


You were in the Dungeon.
You worshipped Makhleb.
Makhleb was exalted by your worship.
You visited 1 branch

Inventory:

Hand Weapons
 g - the +∞ Axe of Woe (weapon)
   (You found it in the Dungeon)
Armour
 a - a +0 robe (worn)
Jewellery
 d - a ring of see invisible (left hand)
Scrolls
 f - a scroll of blinking
Potions
 b - a potion of curing
 c - a potion of heal wounds
 e - a potion of berserk rage


   Skills:
 O Level 27 Fighting
 O Level 27 Axes
 + Level 25.9(27) Maces & Flails
 + Level 25.8(27) Polearms
 O Level 27 Armour
 O Level 27 Dodging
 O Level 27 Stealth
 O Level 27 Unarmed Combat
 O Level 27 Spellcasting
 O Level 27 Invocations


You had 12 spell levels left.
You knew the following spells:

 Your Spells              Type           Power      Damage    Failure   Level
a - Sandblast             Erth           100%       2d20      0%          1
b - Passwall              Tmut/Erth      80%        N/A       0%          2
c - Stone Arrow           Conj/Erth      100%       3d13      0%          3
d - Petrify               Tmut/Erth      96%        N/A       0%          4
e - Foxfire               Conj/Fire      100%       2x1d9     0%          1
f - Blink                 Tloc           100%       N/A       0%          2
g - Confusing Touch       Hex            96%        N/A       0%          3
h - Manifold Assault      Tloc           96%        N/A       0%          4
i - Freezing Cloud        Conj/Ice/Air   48%        6-21      0%          5
j - Lee's Rapid Deconstr  Erth           48%        3d24*     0%          5
k - Statue Form           Tmut/Erth      64%        N/A       0%          6
l - Spellforged Servitor  Conj/Summ      48%        N/A       0%          7
m - Eringya's Noxious Bo  Tmut/Pois      48%        N/A       0%          6
n - Discord               Hex            48%        N/A       1%          8
o - Lehudib's Crystal Sp  Conj/Erth      48%        10d11     1%          8
Your spell library was empty.

Dungeon Overview and Level Annotations

Branches:
Dungeon (1/1)

Altars:
Makhleb

Annotations:
D The Servant


Innate Abilities, Weirdness & Mutations

You are immune to sickness and miasma.
You are immune to poison.
Your flesh is very heat resistant. (rF++)
You are vulnerable to cold. (rC-)
You float through the air rather than walking.
You learn spells naturally, not from books.
Your magical power is your life essence.
You have superior vitality. (+4 MHP)


Message History

Something hits the bag of meat!!
Something hits the bag of meat.
You hear a shout! x2
The bag of meat hits the bag of meat with a +9 war axe!!!
The bag of meat hits something with a +9 war axe!!!
The bag of meat hits the bag of meat with a +9 war axe!
You hear a shout!
The bag of meat hits the bag of meat with a +9 war axe!!
The bag of meat hits the bag of meat with a +9 war axe!
The bag of meat hits the bag of meat with a +9 war axe!!!
The bag of meat hits something with a +9 war axe!!!
The bag of meat hits the bag of meat with a +9 war axe!!!
You hear a shout! x12 2 bags of meat come into view.
The bag of meat shouts!
You hear a shout!
You hear two shouts!
You hear a shout!
Makhleb accepts your kill.
You feel a bit more experienced.
You hear a shout!
The bag of meat hits something with a +9 war axe!!
The bag of meat hits the bag of meat with a +9 war axe!
You hear a shout!
The bag of meat hits the bag of meat with a +9 war axe!! x3
The bag of meat hits something with a +9 war axe!!!
Something hits the bag of meat!!!
Something hits the bag of meat!!
The bag of meat hits the bag of meat with a +9 war axe!!
The bag of meat hits the bag of meat with a +9 war axe! x2
You hear a shout! x4
The accursed hits you!!
* * * LOW HITPOINT WARNING * * *
You hear a shout! x4; The bag of meat shouts!
Your base Maces & Flails skill increases to level 25!
Your base Polearms skill increases to level 25!
Unknown command.
You chop the accursed into pieces!!!
You dissect the accursed like a pig carcass.
You destroy the accursed!
Makhleb accepts your kill.
You feel extremely nervous for a moment...
Pain shoots through your body!
You die... ..#.......#.... ..#...))..#.... o.# .....).)....... o.. .....)).......#. ooo. .............#.. ooo..

......))...##... #.....
.#....).).#..... #....#
......○°))#...###....#
##.#..))))......@..#...
.§....))○...............
....#.)@).####.........#
......).....#.......####
......)L..)).....####
.......)....).####
###############


You could see 6 bags of meat and 2 neutral bags of meat.

Vanquished Creatures
  3 royal mummies (D)
  5 vampire knights (D)
  13 ogres (D)
  2 two-headed ogres (D)
  16 orcs (D)
39 creatures vanquished.

Vanquished Creatures (collateral kills)
  A lich (D)
  9 orcs (D)
  2 skeletal warriors (D)
12 creatures vanquished.

Vanquished Creatures (others)
  An orc (D)
1 creature vanquished.

Grand Total: 52 creatures vanquished

Notes
Turn   | Place    | Note
-------+----------+-------------------------------------------
     0 | D        | Found the +∞ Axe of Woe
     0 | D        | howech the Djinni Earth Elementalist began the quest for
                  | the Orb.
     0 | D        | howech set off with the following spells memorised:
                  | Sandblast, Passwall, Stone Arrow, Petrify.
     0 | D        | Reached XP level 1. HP: 15/15 MP: 0/0
     0 | D        | Noticed a bag of meat
     2 | D        | Noticed a bag of meat
     3 | D        | Noticed a bag of meat
     5 | D        | Became a worshipper of Makhleb the Destroyer
     6 | D        | Killed a bag of meat
     6 | D        | Noticed a bag of meat
     6 | D        | Noticed a bag of meat
     6 | D        | Noticed a meat berserker
     7 | D        | Reached skill level 10 in Dodging
     7 | D        | Reached XP level 2. HP: 34/34 MP: 0/0
     7 | D        | Reached XP level 3. HP: 40/40 MP: 0/0
     7 | D        | Learned a level 1 spell: Foxfire
     7 | D        | Reached XP level 4. HP: 45/45 MP: 0/0
     7 | D        | Reached XP level 5. HP: 50/50 MP: 0/0
     7 | D        | Learned a level 2 spell: Blink
     7 | D        | Reached XP level 6. HP: 57/57 MP: 0/0
     7 | D        | Reached XP level 7. HP: 61/61 MP: 0/0
     7 | D        | Learned a level 3 spell: Confusing Touch
     7 | D        | Reached XP level 8. HP: 67/67 MP: 0/0
     7 | D        | Reached XP level 9. HP: 73/73 MP: 0/0
     7 | D        | Learned a level 4 spell: Manifold Assault
     7 | D        | Reached XP level 10. HP: 78/78 MP: 0/0
     7 | D        | Reached XP level 11. HP: 84/84 MP: 0/0
     7 | D        | Learned a level 5 spell: Freezing Cloud
     7 | D        | Noticed a meat berserker
     8 | D        | Noticed a meat berserker
     8 | D        | Killed a bag of meat
     8 | D        | Reached * piety under Makhleb
     8 | D        | Killed a bag of meat
     8 | D        | Noticed a meat berserker
     9 | D        | Reached XP level 12. HP: 95/95 MP: 0/0
     9 | D        | Reached XP level 13. HP: 100/100 MP: 0/0
     9 | D        | Learned a level 5 spell: Lee's Rapid Deconstruction
    10 | D        | Killed a meat berserker
    11 | D        | Reached skill level 15 in Axes
    11 | D        | Reached skill level 10 in Spellcasting
    11 | D        | Reached XP level 14. HP: 61/110 MP: 0/0
    11 | D        | Killed a meat berserker
    11 | D        | Reached ** piety under Makhleb
    12 | D        | Reached skill level 15 in Dodging
    12 | D        | Killed a meat berserker
    13 | D        | Reached skill level 15 in Fighting
    13 | D        | Reached skill level 15 in Unarmed Combat
    13 | D        | Reached skill level 15 in Invocations
    13 | D        | Reached XP level 15. HP: 120/120 MP: 0/0
    13 | D        | Learned a level 6 spell: Statue Form
    14 | D        | Noticed a meat berserker
    15 | D        | Noticed a meat berserker
    16 | D        | Noticed a meat berserker
    16 | D        | Noticed a meat berserker
    16 | D        | Noticed a meat berserker
    17 | D        | Noticed a large bag of meat
    17 | D        | Noticed a meat berserker
    18 | D        | Noticed a meat berserker
    19 | D        | Noticed a meat berserker
    20 | D        | Killed a meat berserker
    20 | D        | Reached *** piety under Makhleb
    21 | D        | Reached skill level 15 in Stealth
    21 | D        | Reached XP level 16. HP: 129/129 MP: 0/0
    21 | D        | Killed a meat berserker
    21 | D        | Reached **** piety under Makhleb
    22 | D        | Reached XP level 17. HP: 64/138 MP: 0/0
    22 | D        | Learned a level 7 spell: Spellforged Servitor
    22 | D        | Killed a meat berserker
    22 | D        | Killed a meat berserker
    22 | D        | Reached ***** piety under Makhleb
    23 | D        | Reached XP level 18. HP: 149/149 MP: 0/0
    23 | D        | Noticed a destroyer
    24 | D        | Noticed a large bag of meat
    27 | D        | Noticed a destroyer
    27 | D        | Killed a meat berserker
    27 | D        | Killed a meat berserker
    28 | D        | Reached XP level 19. HP: 160/160 MP: 0/0
    28 | D        | Learned a level 6 spell: Eringya's Noxious Bog
    29 | D        | Noticed The Servant
    29 | D        | Noticed a destroyer
    30 | D        | Killed a meat berserker
    31 | D        | Killed a meat berserker
    31 | D        | Reached ****** piety under Makhleb
    32 | D        | Reached skill level 27 in Axes
    32 | D        | Killed a large bag of meat
    33 | D        | Reached XP level 20. HP: 164/173 MP: 0/0
    33 | D        | Killed a destroyer
    33 | D        | Killed a meat berserker
    34 | D        | Reached skill level 27 in Dodging
    36 | D        | Noticed a destroyer
    36 | D        | Killed a destroyer
    36 | D        | Killed a large bag of meat
    37 | D        | Reached skill level 27 in Fighting
    37 | D        | Reached skill level 27 in Unarmed Combat
    37 | D        | Reached skill level 27 in Invocations
    37 | D        | Reached XP level 21. HP: 175/187 MP: 0/0
    37 | D        | Learned a level 8 spell: Discord
    41 | D        | Noticed a destroyer
    44 | D        | Killed a destroyer
    45 | D        | Reached skill level 27 in Stealth
    45 | D        | Reached skill level 27 in Spellcasting
    45 | D        | Reached XP level 22. HP: 173/194 MP: 0/0
    45 | D        | Noticed an accursed
    47 | D        | Noticed a tyrant
    48 | D        | Killed a destroyer
    49 | D        | Reached skill level 15 in Armour
    50 | D        | Killed a destroyer
    50 | D        | Noticed a meat berserker
    51 | D        | Reached XP level 23. HP: 62/201 MP: 0/0
    51 | D        | Learned a level 8 spell: Lehudib's Crystal Spear
    52 | D        | Killed an accursed
    54 | D        | Noticed an accursed
    56 | D        | Noticed an accursed
    58 | D        | Killed an accursed
    59 | D        | Reached skill level 27 in Armour
    59 | D        | Reached XP level 24. HP: 65/208 MP: 0/0
    62 | D        | Killed a tyrant
    63 | D        | Killed an accursed
    63 | D        | Killed by an accursed's death curse

Illustrated notes

Levels and vault maps discovered:
D:        meatsprint

Skill      XL: |  1  2  3  4  5  6  7  8  9 10 11 12 13 14 15 16 17 18 19 20 21 22 23 24 |
---------------+-------------------------------------------------------------------------+-----
Fighting       | 9 11 13 15 16 18 20 21 23 27 | 27.0
Axes           | 11 14 15 18 19 21 23 25 27 | 27.0
Dodging        | 10 13 14 16 18 19 21 23 25 27 | 27.0
Stealth        | 8 11 12 14 15 16 18 20 22 26 27 | 27.0
Unarmed Combat | 9 11 13 15 16 18 19 21 23 27 | 27.0
Spellcasting   | 7 9 10 12 13 14 16 17 19 23 27 | 27.0
Invocations    | 9 11 13 15 16 18 20 21 23 27 | 27.0
Maces & Flails | 3 16 24 25 | 25.9
Polearms       | 3 16 24 25 | 25.8
Armour         | 4 18 27 | 27.0

Action                   |  1- 3 |  4- 6 |  7- 9 | 10-12 | 13-15 | 16-18 | 19-21 | 22-24 || total
-------------------------+-------+-------+-------+-------+-------+-------+-------+-------++-------
Melee: Executioner's axe |     1 |       |       |     1 |     5 |     3 |     7 |     7 ||    24
 Cast: Discord           |       |       |       |       |       |       |     1 |     1 ||     2
       Passwall          |       |       |       |       |       |       |     1 |       ||     1
  Use: Potion            |       |       |       |     1 |       |       |       |       ||     1
Armor: Robe              |       |       |       |       |       |       |       |     1 ||     1
Dodge: Dodged            |       |       |       |       |       |     1 |       |       ||     1

Table legend: (Time is in decaauts)
 A = Elapsed time spent in this place.
 B = Non-inter-level travel time spent in this place.
 C = Inter-level travel time spent in this place.
 D = Time resting spent in this place.
 E = Time spent auto-exploring this place.
 F = Levels seen in this place.
 G = Mean time per level.
                   A        B        C        D        E       F      G
               +--------+--------+--------+--------+--------+-----+--------+
         Total |     42 |     42 |      0 |      0 |      0 |   1 |   42.0 |
       Dungeon |     42 |     42 |      0 |      0 |      0 |   1 |   42.0 |
               +--------+--------+--------+--------+--------+-----+--------+

Top non-repeatable levels by time:
       D: 42 daAuts
